 Dungeon Crawl Stone Soup version 0.28-a0-779-g3d1f99b579 (webtiles) character file.

Game seed: 7432864650445124908

42 ders the Skirmisher (level 3, 0/24 HPs)
             Began as a Gargoyle Fighter on Nov 2, 2021.
             Splashed by a jelly's acid (10 damage)
             ... on level 2 of the Dungeon.
             The game lasted 00:02:46 (2140 turns).

ders the Skirmisher (Gargoyle Fighter)              Turns: 2140, Time: 00:02:47

Health: 0/24       AC:  2    Str: 20    XL:     3   Next: 56%
Magic:  3/3        EV:  9    Int:  8    God:
Gold:   6          SH:  4    Dex:  9    Spells: 2/2 levels left

rFire   . . .      SeeInvis .   k - +0 dagger (vamp)
rCold   . . .      Faith    .   c - +0 buckler
rNeg    + . .      Spirit   .   b - +0 scale mail
rPois   ∞          Reflect  .   (no helmet)
rElec   +          Harm     .   (no cloak)
rCorr   .          Rampage  .   (no gloves)
Will    .....                   (no boots)
Stlth   ..........              (no amulet)
HPRegen 0.08/turn               (no ring)
MPRegen 0.08/turn               (no ring)

@: corroded
A: sickness immunity, AC +3, negative energy resistance 1, electricity
resistance, torment resistance 1, petrification resistance
a: no special abilities


You were on level 2 of the Dungeon.
You visited 1 branch of the dungeon, and saw 2 of its levels.

You collected 39 gold pieces.
You spent 33 gold pieces at shops.

Inventory:

Hand Weapons
 a - a +0 flail
 k - a +0 vampiric dagger (weapon)
 l - a +0 dagger
Armour
 b - a +0 scale mail (worn)
 c - a +0 buckler (worn)
Jewellery
 f - a ring of resist corrosion
 n - a ring of positive energy
Wands
 o - a wand of polymorph (1)
Scrolls
 e - a scroll of torment {unknown}
 g - 3 scrolls of teleportation {unknown}
 i - a scroll of identify {unknown}
 j - a scroll of vulnerability {unknown}
 p - a scroll of magic mapping {unknown}
Potions
 d - a potion of might
 m - a potion of flight {unknown}


   Skills:
 * Level 4.1 Fighting
 * Level 3.0 Maces & Flails
 - Level 3.2 Armour
 - Level 3.2 Shields


You had 2 spell levels left.
You didn't know any spells.
Your spell library was empty.

Dungeon Overview and Level Annotations

Branches:
Dungeon (2/15)

Altars:

Shops:
D:2 !*(


Innate Abilities, Weirdness & Mutations

You are immune to sickness and miasma.
Your stone body is resilient. (AC +3)
You are immune to poison.
You resist negative energy. (rN+)
You are resistant to electric shocks. (rElec)
You are resistant to unholy torment.
You are immune to petrification.


Message History

You are too injured to fight recklessly!
You are too injured to fight recklessly!
You are too injured to fight recklessly!
You are too injured to fight recklessly!
You are too injured to fight recklessly!
You are too injured to fight recklessly!
You are too injured to fight recklessly!
You are too injured to fight recklessly!
You are too injured to fight recklessly!
You are too injured to fight recklessly!
You are too injured to fight recklessly!
The endoplasm hits the fungus. x2; The fungus begins to die.
The endoplasm hits the fungus.
There is an open door here.
You hit the endoplasm.
The endoplasm is almost dead.
The endoplasm hits you.
Your scale mail prevents you from hitting the endoplasm.
The endoplasm is almost dead.
The endoplasm freezes you.
You are frozen.
You hit the endoplasm.
You feel better.
You kill the endoplasm!
You feel better. The jelly hits you. The acid corrodes you!
You are splashed with acid!
* * * LOW HITPOINT WARNING * * *
You feel better. The jelly hits you but does no damage.
You hit the jelly.
You feel better.
Your hands burn!
The jelly is moderately wounded.
The jelly hits you but does no damage.
You hit the jelly but do no damage.
Your hands burn!
The jelly is moderately wounded.
The jelly hits you but does no damage.
You hit the jelly but do no damage.
Your hands burn!
The jelly is moderately wounded.
The jelly hits you. The acid corrodes you!
You are splashed with acid!
* * * LOW HITPOINT WARNING * * *
You feel better. The jelly hits you. The acid corrodes you!
You are splashed with acid!
You die...

#..........# #∩....<....#
###...........
#..........[.# ########
#######..<...#
#.....J############.....#
#..JP..J##......###.....#
#....JJ#J#.......##.....#
#P..JJJ#@#........'.....#
#...JJ÷#.#.....[..'.....#
#.÷...P#)#'#......'....<#
#......#.#.#.....##.....#
#..÷...#.#.#....###.....#
#$÷....##.#########......
##################......#
##............#
.....>.........


You could see a jelly and 2 endoplasms.

Vanquished Creatures
  An adder (D:2)
  A worm (D:2)
  4 endoplasms
  A giant cockroach (D:1)
  A hobgoblin (D:1)
  10 kobolds
  A quokka (D:2)
  6 bats
  2 frilled lizards (D:1)
  2 goblins (D:1)
  A rat (D:2)
30 creatures vanquished.

Vanquished Creatures (others)
  4 fungi (D:2)
  9 toadstools (D:2)
13 creatures vanquished.

Grand Total: 43 creatures vanquished

Notes
Turn   | Place    | Note
-------+----------+-------------------------------------------
     0 | D:1      | ders the Gargoyle Fighter began the quest for the Orb.
     0 | D:1      | Reached XP level 1. HP: 14/14 MP: 1/1
   425 | D:1      | Reached XP level 2. HP: 15/19 MP: 2/2
  1125 | D:2      | Found Minoy's Distillery.
  1274 | D:2      | Bought a potion of curing for 33 gold pieces
  1294 | D:1      | Reached XP level 3. HP: 19/24 MP: 3/3
  1379 | D:1      | Reached skill level 4 in Fighting
  1656 | D:2      | Found Ofu Yliv's Assorted Antiques.
  1838 | D:2      | Found a faded altar of an unknown god.
  2039 | D:2      | Found Coinoriv's Antique Weapon Shop.
  2139 | D:2      | HP: 1/24 [acid (7)]
  2140 | D:2      | Splashed by a jelly's acid

Illustrated notes

Levels and vault maps discovered:
D:1:      doesnt_arrival_eight_statues, layout_basic
D:2:      cheibrodos_fertilizer, layout_rooms, serial_shops, shop,
          nicolae_shop_temple_entry_statues_fountains, nicolae_diamond_shop,
          chequers_ecumenical_altar_island, basic_altar, kennysheep_potato

Skill      XL: |  1  2  3 |
---------------+----------+-----
Fighting       | 4 |  4.1
Maces & Flails | 3 |  3.0
Armour         | |  3.2
Shields        | |  3.2

Action                   || total
-------------------------++-------
Melee: Flail             ||    86
       Dagger            ||    67
  Use: Potion            ||     3
Armor: Scale mail        ||    90
Dodge: Dodged            ||    66
Block: Buckler           ||    30

Table legend: (Time is in decaauts)
 A = Elapsed time spent in this place.
 B = Non-inter-level travel time spent in this place.
 C = Inter-level travel time spent in this place.
 D = Time resting spent in this place.
 E = Time spent auto-exploring this place.
 F = Levels seen in this place.
 G = Mean time per level.
                   A        B        C        D        E       F      G
               +--------+--------+--------+--------+--------+-----+--------+
         Total |   2170 |   2149 |     21 |    546 |   1231 |   2 | 1085.0 |
       Dungeon |   2170 |   2149 |     21 |    546 |   1231 |   2 | 1085.0 |
               +--------+--------+--------+--------+--------+-----+--------+

Top non-repeatable levels by time:
     D:1: 1485 daAuts
     D:2: 684 daAuts
